 Dungeon Crawl Stone Soup version 0.30-a0-591-g3c58d2bc28 (webtiles) character file.

Game seed: 17723033124024878134

49 spardeous the Ducker (level 3, -11/14 HPs)
             Began as a Felid Earth Elementalist on Jan 6, 2023.
             Killed from afar by Eustachio (12 damage)
             ... with a puff of flame
             ... on level 4 of the Dungeon.
             The game lasted 00:02:03 (627 turns).

spardeous the Ducker (Felid Earth Elementalist)      Turns: 627, Time: 00:02:03

Health: -11/14     AC:  1    Str:  4    XL:     3   Next: 51%
Magic:  14/16      EV: 18    Int: 18    God:
Gold:   79         SH:  0    Dex: 16    Spells: 5/6 levels left
                                        Lives:  0   Deaths: 0

rFire   . . .      SeeInvis +    (weapon unavailable)
rCold   . . .      Faith    .    (shield unavailable)
rNeg    . . .      Spirit   .    (body armour unavailable)
rPois   .          Reflect  .    (helmet unavailable)
rElec   .          Harm     .    (cloak unavailable)
rCorr   .          Rampage  .    (gloves unavailable)
Will    .....                    (boots unavailable)
Stlth   ++                       (no amulet)
HPRegen 0.22/turn                b - ring of magical power
MPRegen 0.15/turn                (no ring)

@: quick
A: very small, claws 1, fangs 3, see invisible, speed 1, shaggy fur 1, stealthy
paws, no weapons or thrown items, no armour, multi-lived
a: no special abilities


You were on level 4 of the Dungeon.
You visited 1 branch of the dungeon, and saw 4 of its levels.

You collected 79 gold pieces.

Inventory:

Jewellery
 b - a ring of magical power (left paw)
 f - an amulet of faith
Scrolls
 c - a scroll of immolation {unknown}
 d - a scroll of identify {unknown}
 e - a scroll of enchant armour {unknown}
Potions
 a - a potion of magic


   Skills:
 + Level 4.2 Dodging
 - Level 2.6 Stealth
 - Level 2.0 Spellcasting
 - Level 1.1 Transmutations
 + Level 3.5 Earth Magic


You had 5 spell levels left.
You knew the following spells:

 Your Spells              Type           Power      Damage    Failure   Level
a - Sandblast             Erth           28%        2d8       4%          1

Your spell library contained the following spells:

 Spells                   Type           Power      Damage    Failure   Level
 Passwall                 Tmut/Erth      8%         N/A       11%         2
 Stone Arrow              Conj/Erth      16%        3d8       26%         3
 Petrify                  Tmut/Erth      10%        N/A       56%         4


Dungeon Overview and Level Annotations

Branches:
Dungeon (4/15)
 Temple: D:4-7

Altars:
Makhleb

Annotations:
D:4 Eustachio


Innate Abilities, Weirdness & Mutations

You have sharp claws.
You have razor-sharp teeth.
You have supernaturally acute eyesight. (SInv)
You cover ground quickly. (Speed+)
You are covered in fur. (AC +1)
Your paws help you pounce on unaware monsters.
You are incapable of wielding weapons or throwing items.
You cannot wear armour.
You gain extra lives every three experience levels.


Message History

You see here a +0 dagger.
Found a hand axe.
Casting: Sandblast (safe; 4% risk of failure)
Confirm with . or Enter, or press ? or * to list all spells.
Aiming: Sandblast (safe; 4% risk of failure)
Press: ? - help, Shift-Dir - straight line, f - Eustachio
Aim: Eustachio, wielding a +0 rapier, wearing a +0 leather armour and carrying a wand of flame (20) (asleep, 100% to hit)
The blast of sand hits Eustachio.
Eustachio is lightly wounded.
Eustachio shouts!
Casting: Sandblast (safe; 4% risk of failure)
Confirm with . or Enter, or press ? or * to list all spells.
Aiming: Sandblast (safe; 4% risk of failure)
Press: ? - help, Shift-Dir - straight line, f/p - Eustachio
Aim: Eustachio, wielding a +0 rapier, wearing a +0 leather armour and carrying a wand of flame (20) (lightly wounded, 75% to hit)
The blast of sand hits Eustachio!
Eustachio is moderately wounded.
Eustachio zaps a wand.
The puff of flame hits you!
Ouch! That really hurt!
* * * LOW HITPOINT WARNING * * *
Eustachio mumbles some strange words.
Eustachio blinks!
Casting: Sandblast (safe; 4% risk of failure)
Confirm with . or Enter, or press ? or * to list all spells.
You can't see any susceptible monsters within range! (Use Z to cast anyway.) Unknown command.
You start resting.
Eustachio is nearby!
Casting: Sandblast (safe; 4% risk of failure)
Confirm with . or Enter, or press ? or * to list all spells.
Aiming: Sandblast (safe; 4% risk of failure)
Press: ? - help, Shift-Dir - straight line, f/p - Eustachio
Aim: Eustachio, wielding a +0 rapier, wearing a +0 leather armour and carrying a wand of flame (19) (moderately wounded, 75% to hit)
The blast of sand hits Eustachio.
Eustachio is heavily wounded.
Eustachio zaps a wand.
The puff of flame hits you.
* * * LOW HITPOINT WARNING * * *
Eustachio zaps a wand.
The puff of flame hits you!
Ouch! That really hurt!
You die...

..# #.# #.#
#.# #.# #.#
#.####.#
####......#
#..).######
#.##...#
#.####.# #@#
#.# #.####.#
#.##...# #
#.##.###
#..)@.##.#
...##.#####.#
#..........#
#....#####.#
#... ###


You could see Eustachio.

Vanquished Creatures
  An iguana (D:3)
  A worm (D:3)
  An orc (D:3)
  A ball python (D:3)
  2 endoplasms
  2 goblins
  A hobgoblin (D:3)
  A quokka (D:2)
  2 bats
  A frilled lizard (D:3)
  4 kobolds
  4 rats
21 creatures vanquished.

Notes
Turn   | Place    | Note
-------+----------+-------------------------------------------
     0 | D:1      | spardeous the Felid Earth Elementalist began the quest for
                  | the Orb.
     0 | D:1      | Reached XP level 1. HP: 7/7 MP: 4/4
    80 | D:1      | Reached skill level 3 in Dodging
   202 | D:2      | Reached XP level 2. HP: 11/11 MP: 4/6
   479 | D:3      | Reached skill level 4 in Dodging
   479 | D:3      | Reached XP level 3. HP: 14/14 MP: 7/7
   521 | D:3      | Found a burning altar of Makhleb.
   595 | D:4      | Noticed Eustachio
   627 | D:4      | Killed from afar by Eustachio

Illustrated notes

Levels and vault maps discovered:
D:1:      minmay_arrival_loop, layout_loops_ring, kennysheep_flooded_box
D:2:      layout_basic
D:3:      layout_rooms, mainiacjoe_overflow_chevrons, hex_large
D:4:      layout_basic, nicolae_overflow_squiral, uniq_eustachio

Skill      XL: |  1  2 |
---------------+-------+-----
Dodging        | 3 4 |  4.2
Earth Magic    | 3 |  3.5
Stealth        | |  2.6
Spellcasting   | |  2.0
Transmutations | |  1.1

Action                   || total
-------------------------++-------
 Cast: Sandblast         ||    35
Dodge: Dodged            ||     3

Table legend: (Time is in decaauts)
 A = Elapsed time spent in this place.
 B = Non-inter-level travel time spent in this place.
 C = Inter-level travel time spent in this place.
 D = Time resting spent in this place.
 E = Time spent auto-exploring this place.
 F = Levels seen in this place.
 G = Mean time per level.
                   A        B        C        D        E       F      G
               +--------+--------+--------+--------+--------+-----+--------+
         Total |    572 |    572 |      0 |     99 |    227 |   4 |  143.0 |
       Dungeon |    572 |    572 |      0 |     99 |    227 |   4 |  143.0 |
               +--------+--------+--------+--------+--------+-----+--------+

Top non-repeatable levels by time:
     D:3: 270 daAuts
     D:1: 149 daAuts
     D:2: 88 daAuts
     D:4: 63 daAuts
